 Dungeon Crawl Stone Soup version 0.32-a0-909-gc671339a80 (webtiles) character file.

Game seed: 14846233740152370089

28 dialectric the Ruffian (level 2, 0/22 HPs)
             Began as a Demonspawn Shapeshifter on Apr 6, 2024.
             Slain by Jessica
             ... wielding a +4 dagger of freezing
              (6 damage)
             ... on level 2 of the Dungeon.
             The game lasted 00:01:08 (882 turns).

dialectric the Ruffian (Demonspawn Shapeshifter)     Turns: 882, Time: 00:01:09

Health: 0/22       AC:  2    Str: 14    XL:     2   Next: 96%
Magic:  2/2        EV: 11    Int: 10    God:
Gold:   132        SH:  0    Dex: 12    Spells: 1/1 levels left

rFire   . .          .
                       - Unarmed
rCold   + . .        (no shield)
rNeg    . . .        e - +0 robe {rC+}
rPois   .            (helmet currently unavailable)
rElec   .            (cloak currently unavailable)
rCorr   .            (gloves currently unavailable)
SInv    .            (boots currently unavailable)
Will    .....        (no amulet)
Stlth   +            (no ring)
HPRegen 0.23/turn    (no ring)
MPRegen 0.08/turn

%: no passive effects
@: beast-form
A: beast (slay +1), spiny 1
a: Begin Untransformation


You were on level 2 of the Dungeon.
You were a hulking beast.
You visited 1 branch of the dungeon, and saw 2 of its levels.

You collected 132 gold pieces.

Inventory:

Armour
 a - a +0 animal skin
 e - a +0 robe of cold resistance (worn)
 f - a +0 pair of gloves
 n - a +0 pair of boots
Jewellery
 j - an amulet of guardian spirit
Talismans
 c - a beast talisman (active)
 d - a flux talisman
Scrolls
 g - 3 scrolls of identify {unknown}
 o - a scroll of vulnerability {unknown}
 p - a scroll of teleportation {unknown}
Potions
 b - a potion of lignification
 h - 2 potions of heal wounds {unknown}
 i - a potion of curing {unknown}
 k - a potion of haste {unknown}
 l - a potion of mutation {unknown}
 m - a potion of magic {unknown}
 q - a potion of resistance {unknown}


   Skills:
 * Level 1.8 Fighting
 + Level 2.1 Dodging
 - Level 3.0 Unarmed Combat
 + Level 2.9 Shapeshifting


You had one spell level left.
You didn't know any spells.
Your spell library contained the following spells:

 Spells                   Type           Power      Damage    Failure   Level
 Frozen Ramparts          Ice            0%         1d1       75%         3
 Animate Armour           Summ/Erth      0%         N/A       98%         4
 Malign Gateway           Summ/Tloc      0%         N/A       100%        7
 Summon Horrible Things   Summ           0%         N/A       100%        8


Dungeon Overview and Level Annotations

Branches:
Dungeon (2/15)

Altars:
Ashenzari

Annotations:
D:2 Jessica


Innate Abilities, Weirdness & Mutations

You are a hulking beast.
Your limbs bulge with bestial killing power. (Slay +1)
You are partially covered in sharp spines.


Message History

The rat closely misses you.
You hit the rat.
You kill the rat!
You see here a rat corpse.
No target in view!
Jessica the Apprentice Sorceress comes into view.
She is wielding a +4 dagger of freezing.
You see here a fuming coppery potion.
Jessica is nearby!
Jessica is nearby!
Jessica is nearby!
Jessica shouts!
Jessica is nearby!
Jessica gestures at you while chanting. You resist with some effort.
Found a stone staircase leading down.
Jessica hits you with a +4 dagger of freezing!
You hit Jessica.
Jessica is lightly wounded.
Jessica is struck by your spines. Jessica closely misses you.
You barely miss Jessica.
Jessica is moderately wounded.
Jessica is struck by your spines. Jessica closely misses you.
You hit Jessica but do no damage.
Jessica is moderately wounded.
Jessica hits you with a +4 dagger of freezing!
Jessica freezes you.
* * * LOW HITPOINT WARNING * * *
You are too injured to fight recklessly!
You are too injured to fight recklessly!
You are too injured to fight recklessly!
You are too injured to fight recklessly!
You are too injured to fight recklessly!
You are too injured to fight recklessly!
You hit Jessica but do no damage.
Jessica is moderately wounded.
Jessica barely misses you.
You barely miss Jessica.
Jessica is moderately wounded.
Jessica hits you with a +4 dagger of freezing.
You die...

####.# ..#.###
#....####.#.###
####.........#†..#
######.>+..!.......##.#
#......##.............#
#......'...........##.#
#......#...........# #
#..................#
#.....h.#.###......#
#....@..#.......#.##
#.............###.#
#.............#
############.## ..


You could see Jessica.

Vanquished Creatures
  A dart slug (D:2)
  A ribbon worm (D:2)
  2 ball pythons (D:1)
  2 endoplasms (D:1)
  A giant cockroach (D:1)
  2 hobgoblins
  3 jackals (D:1)
  3 kobolds
  A quokka (D:2)
  3 frilled lizards (D:1)
  2 rats
21 creatures vanquished.

Notes
Turn   | Place    | Note
-------+----------+-------------------------------------------
     0 | D:1      | dialectric the Demonspawn Shapeshifter began the quest for
                  | the Orb.
     0 | D:1      | Reached XP level 1. HP: 15/15 MP: 1/1
   148 | D:1      | Gained mutation: You are partially covered in sharp spines.
                  | [demonic ancestry]
   148 | D:1      | Reached XP level 2. HP: 18/21 MP: 2/2
   230 | D:1      | Got the Discursus on Congelation and Formation
   246 | D:1      | Reached skill level 3 in Unarmed Combat
   740 | D:2      | Identified the +5 quarterstaff "Wiotewneil" {freeze, Will+}
   831 | D:2      | Found a broken altar of Ashenzari.
   872 | D:2      | Noticed Jessica
   882 | D:2      | Slain by Jessica

Illustrated notes

Levels and vault maps discovered:
D:1:      saegor_arrival_miasma, layout_rooms, minmay_gold_behind_fungi
D:2:      layout_basic, basic_altar, chequers_serial_rivers_small_3,
          uniq_jessica

Skill      XL: |  1  2 |
---------------+-------+-----
Dodging        | 2 |  2.1
Unarmed Combat | 3 |  3.0
Fighting       | |  1.8
Shapeshifting  | |  2.9

Action                     || total
---------------------------++-------
  Melee: Unarmed           ||    71
 Armour: Animal skin       ||     6
         Robe              ||    25
  Dodge: Dodged            ||    30

Table legend: (Time is in decaauts)
 A = Elapsed time spent in this place.
 B = Non-inter-level travel time spent in this place.
 C = Inter-level travel time spent in this place.
 D = Time resting spent in this place.
 E = Time spent auto-exploring this place.
 F = Levels seen in this place.
 G = Mean time per level.
                   A        B        C        D        E       F      G
               +--------+--------+--------+--------+--------+-----+--------+
         Total |    878 |    863 |     15 |      0 |    628 |   2 |  439.0 |
       Dungeon |    878 |    863 |     15 |      0 |    628 |   2 |  439.0 |
               +--------+--------+--------+--------+--------+-----+--------+

Top non-repeatable levels by time:
     D:1: 532 daAuts
     D:2: 345 daAuts
